 Dungeon Crawl Stone Soup version 0.28.0-45-g0d030f2227 (webtiles) character file.

Game seed: 16152183598243609836

2272 MisterFreud the Destroyer (level 9, -2/61 HPs)
             Began as an Octopode Conjurer on May 24, 2022.
             Was a Follower of Cheibriados.
             Slain by an orc warrior
             ... wielding a +0 battleaxe
              (15 damage)
             ... on level 6 of the Dungeon.
             The game lasted 00:12:45 (7363 turns).

MisterFreud the Destroyer (Octopode Conjurer)       Turns: 7363, Time: 00:12:45

Health: -2/61      AC:  5    Str: 16    XL:     9   Next: 38%
Magic:  12/15      EV: 15    Int: 27    God:    Cheibriados [*.....]
Gold:   260        SH:  0    Dex: 13    Spells: 13/16 levels left

rFire   . . .      SeeInvis .   h - +1 whip (elec)
rCold   . . .      Faith    .   (no shield)
rNeg    + . .      Spirit   .   (helmet restricted)
rPois   .          Reflect  .   q - amulet of magic regeneration
rElec   .          Harm     .   j - +6 ring of strength
rCorr   .          Rampage  .   d - +4 ring of protection
Will    .....                   u - ring of positive energy
Stlth   +++.......              w - ring of wizardry
HPRegen 0.20/turn               (no ring)
MPRegen 0.54/turn               (no ring)
                                (no ring)
                                (no ring)

@: very slow
A: almost no armour, amphibious, 8 rings, camouflage 1, gelatinous body 1,
(nimble swimmer 1), tentacles
a: Renounce Religion, Bend Time


You were on level 6 of the Dungeon.
You worshipped Cheibriados.
Cheibriados was aware of your devotion.
You visited 2 branches of the dungeon, and saw 7 of its levels.

You collected 260 gold pieces.

Inventory:

Hand Weapons
 b - a +0 dagger of venom
 h - a +1 whip of electrocution (weapon)
Missiles
 c - 9 boomerangs
 f - 17 poisoned darts
 k - 4 javelins
 r - 2 curare-tipped darts
Jewellery
 d - a +4 ring of protection (right tentacle)
 j - a +6 ring of strength (left tentacle)
 q - an amulet of magic regeneration (around mantle)
 u - a ring of positive energy (on tentacle)
 w - a ring of wizardry (on tentacle)
Wands
 l - a wand of flame (34)
Scrolls
 a - 3 scrolls of blinking
 m - 2 scrolls of teleportation
 o - 2 scrolls of fear
 p - a scroll of enchant armour
 t - a scroll of brand weapon
 v - a scroll of magic mapping {unknown}
Potions
 e - 2 potions of curing
 g - a potion of flight
 i - a potion of haste
 n - a potion of lignification
 s - a potion of mutation
 x - 2 potions of might {unknown}


   Skills:
 - Level 5.0 Fighting
 + Level 6.4 Dodging
 - Level 3.0 Stealth
 - Level 4.0 Spellcasting
 - Level 8.0 Conjurations
 - Level 5.0 Invocations


You had 13 spell levels left.
You knew the following spells:

 Your Spells              Type           Power      Damage    Failure   Level
a - Magic Dart            Conj           100%       1d8       1%          1
b - Searing Ray           Conj           96%        2d7       1%          2

Your spell library contained the following spells:

 Spells                   Type           Power      Damage    Failure   Level
 Dazzling Flash           Conj/Hex       54%        N/A       1%          3
 Beastly Appendage        Tmut           10%        N/A       3%          1
 Slow                     Hex            20%        N/A       3%          1
 Wereblood                Tmut           5%         N/A       4%          2
 Fulminant Prism          Conj/Hex       13%        3d9       6%          4
 Iskenderun's Mystic Bla  Conj/Tloc      27%        2d7       6%          4
 Confusing Touch          Hex            5%         N/A       10%         3
 Spider Form              Tmut/Pois      5%         N/A       10%         3
 Vampiric Draining        Necr           5%         2d6       10%         3


Dungeon Overview and Level Annotations

Branches:
Dungeon (6/15)             Temple (1/1) D:5

Altars:
Ashenzari
Cheibriados
Dithmenos
Elyvilon
Fedhas
Hepliaklqana
Kikubaaqudgha
Makhleb
Nemelex Xobeh
Okawaru
Qazlal
Ru
Sif Muna
Trog
Uskayaw
Vehumet
Wu Jian
Yredelemnul
Zin
The Shining One

Annotations:
D:5 2 transporters


Innate Abilities, Weirdness & Mutations

You cannot wear most types of armour.
You are amphibious.
You can wear up to eight rings at the same time.
Your skin changes colour to match your surroundings (Stealth+).
Your rubbery body absorbs attacks. (AC +1, EV +1)
((You are camouflaged when in or above water. (Stealth+)))
You have tentacles for arms and can constrict up to eight enemies at once.


Message History

(Press . to maintain the ray.)
An orc comes into view.
It is wielding a +0 club and wearing a +1 leather armour of poison resistance.
You barely miss the orc warrior. You grab the orc warrior.
You constrict the orc warrior, but do no damage.
The orc warrior escapes!
You barely miss the orc warrior. Your grab misses the orc warrior.
The orc warrior hits you with a +0 battleaxe!!
The orc wizard misses you.
You hit the orc warrior. You grab the orc warrior.
The orc warrior is lightly wounded.
You constrict the orc warrior.
The orc warrior hits you with a +0 battleaxe!!
The orc wizard casts a spell.
The orc wizard flickers and vanishes!
Deactivating autopickup; reactivate with Ctrl-A.
Casting: Searing Ray (safe; 1% risk of failure)
Confirm with . or Enter, or press ? or * to list all spells.
Aiming: Searing Ray (safe; 1% risk of failure)
Press: ? - help, Shift-Dir - straight line, f/p - orc warrior
Aim: an orc warrior, wielding a +0 battleaxe and wearing a +0 plate armour (lightly wounded, constricted by you, 100% to hit)
The searing ray hits the orc warrior.
The orc warrior is moderately wounded. (Press . to maintain the ray.)
You constrict the orc warrior, but do no damage.
The orc warrior barely misses you.
The searing ray hits the orc warrior but does no damage.
The orc warrior is moderately wounded.
You constrict the orc warrior.
The orc warrior hits you with a +0 battleaxe!
* * * LOW HITPOINT WARNING * * *
The orc misses you.
You hear some strange, mumbled words.
A magic dart appears from out of thin air!
The magic dart hits you.
* * * LOW HITPOINT WARNING * * *
The searing ray hits the orc warrior!
The orc warrior is severely wounded.
You constrict the orc warrior, but do no damage.
The orc warrior hits you with a +0 battleaxe!
You die...

# #.....# # #.....+ #
#..... # #.... # +... # #o.
# ####+##o##### #
#.....o@{...##+## #
...#...........##..## #
...##+####.##..##...+ #
≈......###.##..##...# #
.......#....#..##'#########
≈......#....#..##..#.......
≈...>..#....#...'..........
.P.....#'####'###.##.##....
................###..(##.##


You could see an orc warrior and 2 orcs.

Vanquished Creatures
  Eustachio (D:5)
  2 steam dragons (D:6)
  2 ice beasts (D:5)
  A sky beast (D:5)
  3 ogres (D:4)
  2 necrophages (D:4)
  A centaur (D:6)
  A phantom (D:4)
  Blork the orc (D:4)
  2 scorpions
  A water moccasin zombie (D:6)
  A water moccasin skeleton (D:4)
  A bullfrog zombie (D:6)
  A hound (D:6)
  4 centaur zombies (D:6)
  A bullfrog skeleton (D:6)
  3 orc priests (D:6)
  2 jellies
  Ijyb (D:4)
  3 iguanas
  A scorpion zombie (D:5)
  2 howler monkey zombies (D:6)
  8 gnolls
  7 adders
  An ufetubus (D:5)
  2 adder zombies (D:5)
  An adder skeleton (D:4)
  A worm (D:2)
  A dart slug (D:4)
  6 orcs
  5 ball pythons
  3 bats
  10 endoplasms
  2 giant cockroaches
  3 goblins
  5 hobgoblins
  6 jackals (D:2)
  9 kobolds
  2 frilled lizards (D:2)
109 creatures vanquished.

Notes
Turn   | Place    | Note
-------+----------+-------------------------------------------
     0 | D:1      | MisterFreud the Octopode Conjurer began the quest for the
                  | Orb.
     0 | D:1      | Reached XP level 1. HP: 11/11 MP: 3/3
   151 | D:1      | Reached XP level 2. HP: 17/17 MP: 1/5
   316 | D:1      | Learned a level 2 spell: Searing Ray
  1185 | D:2      | Reached XP level 3. HP: 21/21 MP: 0/6
  1308 | D:2      | Found a faded altar of an unknown god.
  1888 | D:2      | Reached XP level 4. HP: 20/27 MP: 4/8
  2641 | D:3      | Reached skill level 5 in Conjurations
  2888 | D:3      | Found a white marble altar of Elyvilon.
  3288 | D:4      | Reached XP level 5. HP: 31/31 MP: 5/10
  3388 | D:4      | Noticed Blork the orc
  3414 | D:4      | Killed Blork the orc
  3415 | D:4      | Reached XP level 6. HP: 36/36 MP: 4/12
  3641 | D:4      | Noticed Ijyb
  3662 | D:4      | Killed Ijyb
  3904 | D:4      | Reached skill level 5 in Dodging
  3904 | D:4      | Reached XP level 7. HP: 40/41 MP: 5/13
  4105 | D:4      | Reached skill level 6 in Conjurations
  4259 | D:4      | Reached skill level 7 in Conjurations
  4340 | D:4      | Found an ornate altar of the Wu Jian Council.
  4351 | D:4      | Reached XP level 8. HP: 39/46 MP: 8/14
  4985 | D:5      | Entered Level 5 of the Dungeon
  5128 | D:5      | Reached skill level 8 in Conjurations
  5150 | D:5      | Found a staircase to the Ecumenical Temple.
  5222 | Temple   | Entered the Ecumenical Temple
  5340 | Temple   | Became a worshipper of Cheibriados the Contemplative
  5446 | D:5      | Found a transporter.
  5588 | D:5      | Found a transporter.
  5739 | D:5      | Noticed Eustachio
  5748 | D:5      | Killed Eustachio
  5936 | D:5      | Reached skill level 5 in Fighting
  6008 | D:5      | Reached skill level 1 in Invocations
  6134 | D:6      | Reached * piety under Cheibriados
  6150 | D:6      | Reached XP level 9. HP: 6/61 MP: 15/15
  6712 | D:6      | Reached skill level 5 in Invocations
  7363 | D:6      | Slain by an orc warrior

Illustrated notes

Levels and vault maps discovered:
D:1:      minmay_arrival_stone_box, layout_basic
D:2:      layout_basic, chequers_ecumenical_altar_island
D:3:      layout_basic, elyvilon_altar_1, chequers_mini_garden
D:4:      layout_cave_pools, nicolae_wu_jian_wuxing_cycle, st_stairs_14,
          minmay_fractal_squares_diagonal_5, uniq_ijyb, uniq_blork_the_orc
D:5:      gammafunk_steamed_eel, layout_loops_ring, temple_doors_cd,
          uniq_eustachio
D:6:      cheibrodos_steamvent, layout_gridville, serial_undead,
          serial_undead_f, serial_undead_e, serial_undead_d, serial_undead_e
Temple:   hc_temple_tempest_star

Skill      XL: |  1  2  3  4  5  6  7  8  9 |
---------------+----------------------------+-----
Stealth        | 3 |  3.0
Spellcasting   | 3 4 |  4.0
Conjurations   | 5 7 8 |  8.0
Dodging        | 3 5 6 |  6.4
Fighting       | 5 |  5.0
Invocations    | 3 5 |  5.0

Action                   |  1- 3 |  4- 6 |  7- 9 || total
-------------------------+-------+-------+-------++-------
Melee: Whip              |     7 |    27 |    85 ||   119
       Dagger            |     7 |       |       ||     7
       Constrict         |     3 |     5 |    13 ||    21
       Tentacles         |     3 |     3 |    23 ||    29
       Punch             |       |     1 |     1 ||     2
 Cast: Magic Dart        |    56 |    38 |   105 ||   199
       Searing Ray       |       |     9 |    22 ||    31
  Use: Scroll            |       |     5 |     6 ||    11
       Potion            |       |       |     1 ||     1
 Stab: Distracted        |       |     1 |       ||     1
       Sleeping          |       |       |     1 ||     1
Armor: Skin              |     4 |     6 |    30 ||    40
Dodge: Dodged            |     9 |    23 |   100 ||   132
